cohdb
Replays
Latest Replays
All Replays
Popular Replays
Top Player Replays
Match Explorer
How It Works
Community
CoH3 Stats
Reddit
Sign in to upload your games and track your stats! →
Sign in with Steam
Match 38205404
Unlisted
Match 38205404
Overview
Messages
Build Orders
End
Kradschützen Motorcycle Team
Selects Italian Infantry
Panzergrenadier Squad
Panzergrenadier Squad
Panzergrenadier Squad
Construct Light Support Kompanie
Selects Guastatori Squad
Selects L6/40 Light Tank Combat Group
L6/40 Light Tank Combat Group
Construct Light Support Kompanie
2.5-tonne Medical Truck
Fire Support Elements
Guastatori Squad
Selects Defensive Operations
Veteran Squad Leaders
Construct Panzerarmee Kommand
Sierra
Geist
RauschebartRonni
Atomic Floyd
Microsoft Outlook
deadsadbadmad
0
0
Comments
sign in to comment!
No comments posted yet!